 Dungeon Crawl Stone Soup version 0.30-a0-691-g754fce4c43 (webtiles) character file.

Game seed: 1514550155240674294

34 BigDaddyOpFi the Trooper (level 3, -1/29 HPs)
             Began as a Demonspawn Fighter on Jan 19, 2023.
             Slain by Sigmund
             ... wielding a +4 scythe of protection
              (8 damage)
             ... on level 2 of the Dungeon.
             The game lasted 00:00:46 (878 turns).

BigDaddyOpFi the Trooper (Demonspawn Fighter)        Turns: 878, Time: 00:00:47

Health: -1/29      AC:  8    Str: 18    XL:     3   Next: 14%
Magic:  3/3        EV:  9    Int:  9    God:
Gold:   66         SH: 13    Dex: 12    Spells: 2/2 levels left

rFire   . . .      SeeInvis .    a - +0 war axe
rCold   . . .      Faith    .    c - +0 buckler
rNeg    . . .      Spirit   .    b - +0 scale mail
rPois   .          Reflect  +    (no helmet)
rElec   .          Harm     .    (no cloak)
rCorr   .          Rampage  .    (no gloves)
Will    .....                    (no boots) Stlth
                                 k - amulet of reflection
HPRegen 0.24/turn                (no ring)
MPRegen 0.08/turn                (no ring)

@: mighty, brilliant
A: yellow scales 1, condensation shield
a: no special abilities


You were on level 2 of the Dungeon.
You visited 1 branch of the dungeon, and saw 2 of its levels.

You collected 66 gold pieces.

Inventory:

Hand Weapons
 a - a +0 war axe (weapon)
Armour
 b - a +0 scale mail (worn)
 c - a +0 buckler (worn)
Jewellery
 k - an amulet of reflection (around neck)
 n - a ring of flight
Scrolls
 e - 3 scrolls of noise {unknown}
 f - a scroll of enchant armour {unknown}
 g - a scroll of butterflies {unknown}
 j - a scroll of immolation {unknown}
 m - 2 scrolls of identify {unknown}
Potions
 d - a potion of might
 h - a potion of brilliance
 i - a potion of resistance {unknown}
 l - a potion of mutation {unknown}


   Skills:
 + Level 3.3 Fighting
 + Level 2.2 Axes
 + Level 3.0 Armour
 + Level 3.0 Shields


You had 2 spell levels left.
You didn't know any spells.
Your spell library contained the following spells:

 Spells                   Type           Power      Damage    Failure   Level
 Ignite Poison            Fire/Tmut/Pois 0%         N/A       99%         3
 Sticky Flame             Conj/Fire      0%         2d3       100%        4
 Ignition                 Fire           0%         3d3       100%        8


Dungeon Overview and Level Annotations

Branches:
Dungeon (2/15)

Altars:

Shops:
D:2 :

Annotations:
D:2 Sigmund


Innate Abilities, Weirdness & Mutations

You are partially covered in yellow scales. (AC +2)
A meltable shield of frost defends you. (SH +4)


Message History

A bat comes into view.
The bat hits you but does no damage.
You miss the bat. You block the bat's attack. The bat hits you.
A bat is nearby!
You slash the bat!
You kill the bat!
You open the door.
A frilled lizard comes into view.
The frilled lizard hisses angrily.
There is an open door here.
A frilled lizard is nearby!
Found a stone staircase leading down.
A frilled lizard is nearby!
Sigmund the Dreaded comes into view.
He is wielding a +4 scythe of protection.
Sigmund shouts!
Sigmund mumbles some strange words.
Sigmund flickers and vanishes!
Deactivating autopickup; reactivate with Ctrl-A.
You block the frilled lizard's attack.
A frilled lizard is nearby!
You closely miss the frilled lizard.
Something tries to affect you, but you resist.
The frilled lizard bites you but does no damage.
You block the frilled lizard's attack.
A frilled lizard is nearby!
You slash the frilled lizard!
You kill the frilled lizard!
You feel very mighty all of a sudden. Something hits you! Something hits you!
You slash something!
You hear some strange, mumbled words.
Something tries to affect you, but you resist.
You closely miss something. Something hits you!
* * * LOW HITPOINT WARNING * * *
It was a potion of brilliance.
You feel clever all of a sudden. Something hits you but does no damage.
You slash something! Something hits you!
You die...

#.#####....#
###.########.#
#.........#..######
#.#.#####.#........
#.#.....# #########
###'#####.#
#.......#
#....##.#.#
#..†@{....#
#.....#.###
#......# >.
#......# ##
#....#.# ##.....#
#.##### #.


There were no monsters in sight!

Vanquished Creatures
  An adder (D:2)
  2 dart slugs
  2 endoplasms
  3 goblins
  A quokka (D:1)
  A ball python (D:1)
  6 bats
  4 frilled lizards
  2 kobolds
  A rat (D:2)
23 creatures vanquished.

Notes
Turn   | Place    | Note
-------+----------+-------------------------------------------
     0 | D:1      | BigDaddyOpFi the Demonspawn Fighter began the quest for the
                  | Orb.
     0 | D:1      | Reached XP level 1. HP: 18/18 MP: 1/1
   171 | D:1      | Gained mutation: You are partially covered in yellow
                  | scales. (AC +2) [demonic ancestry]
   171 | D:1      | Reached XP level 2. HP: 24/24 MP: 2/2
   467 | D:2      | Gained mutation: A meltable shield of frost defends you.
                  | (SH +4) [demonic ancestry]
   467 | D:2      | Reached XP level 3. HP: 23/29 MP: 3/3
   586 | D:2      | Found Xaxoaghi's Book Shop.
   870 | D:2      | Noticed Sigmund
   878 | D:2      | Slain by Sigmund

Illustrated notes

Levels and vault maps discovered:
D:1:      tarquinn_simple_flora_water_e, layout_rooms, kennysheep_flooded_box
D:2:      layout_basic, serial_shops, nicolae_diamond_shop, uniq_sigmund

Skill      XL: |  1  2 |
---------------+-------+-----
Axes           | 2 |  2.2
Armour         | 3 |  3.0
Shields        | 3 |  3.0
Fighting       | |  3.3

Action                   || total
-------------------------++-------
Melee: War axe           ||    65
  Use: Potion            ||     2
Armor: Scale mail        ||    33
Dodge: Dodged            ||    24
Block: Buckler           ||    34

Table legend: (Time is in decaauts)
 A = Elapsed time spent in this place.
 B = Non-inter-level travel time spent in this place.
 C = Inter-level travel time spent in this place.
 D = Time resting spent in this place.
 E = Time spent auto-exploring this place.
 F = Levels seen in this place.
 G = Mean time per level.
                   A        B        C        D        E       F      G
               +--------+--------+--------+--------+--------+-----+--------+
         Total |    906 |    889 |     17 |      0 |    711 |   2 |  453.0 |
       Dungeon |    906 |    889 |     17 |      0 |    711 |   2 |  453.0 |
               +--------+--------+--------+--------+--------+-----+--------+

Top non-repeatable levels by time:
     D:2: 479 daAuts
     D:1: 426 daAuts
